 Dungeon Crawl Stone Soup version 0.24-a0-784-g601f8f6 (webtiles) character file.

Game seed: 9922056827225901861, levelgen mode: deterministic

16930 2tousent the Slicer (level 12, 0/81 HPs)
             Began as a Formicid Fighter on Oct 8, 2019.
             Was a Believer of Uskayaw.
             Slain by a white ugly thing (21 damage)
             ... on level 13 of the Dungeon.
             The game lasted 01:05:19 (13307 turns).

2tousent the Slicer (Formicid Fighter)             Turns: 13307, Time: 01:05:20

Health: 0/81       AC: 18    Str: 24    XL:     12   Next: 76%
Magic:  20/20      EV:  6    Int:  8    God:    Uskayaw [**....]
Gold:   670        SH: 12    Dex: 14    Spells: 11/11 levels left

rFire    . . .     SeeInvis +   r - +3 dagger (drain)
rCold    . . .     Gourm    .   F - +2 shield {AC+3}
rNeg     . . .     Faith    .   v - +4 chain mail
rPois    +         Spirit   .   (helmet unavailable)
rElec    .         Reflect  .   L - +0 cloak (curse)
rCorr    .         Harm     .   (no gloves)
MR       +....                  I - +0 pair of boots
Stlth    ++........             N - amulet of regeneration
HPRegen  0.63/turn              y - ring of poison resistance
MPRegen  0.17/turn              A - +2 ring of strength

@: no status effects
A: permanent stasis, dig shafts and tunnels, four strong arms, antennae 3
a: Dig, Shaft Self, Stomp, Line Pass, Renounce Religion


You were on level 13 of the Dungeon.
You worshipped Uskayaw.
Uskayaw was aware of your devotion.
You were hungry.

You visited 2 branches of the dungeon, and saw 14 of its levels.
You also visited: Ossuary.

You collected 670 gold pieces.

Inventory:

Hand Weapons
 a - a +0 rapier
 r - a +3 dagger of draining (weapon)
Missiles
 G - 6 throwing nets (quivered)
Armour
 b - a +0 scale mail
 c - a +1 shield
 p - a +0 chain mail
 v - a +4 chain mail (worn)
 F - a +2 shield of protection (worn)
 I - a +0 pair of boots (worn)
 L - a cursed +0 cloak (worn)
Jewellery
 y - a ring of poison resistance (left hand)
 A - a +2 ring of strength (right hand)
 D - an uncursed ring of attention
 N - an amulet of regeneration (around neck)
 O - an uncursed ring of magical power
 P - an uncursed amulet of magic regeneration
Wands
 E - a wand of flame (8)
 M - a wand of paralysis (6)
 T - a wand of random effects (15)
Scrolls
 g - 4 scrolls of enchant weapon
 h - 4 scrolls of teleportation
 n - 3 scrolls of identify
 q - 9 scrolls of remove curse
 u - 3 scrolls of immolation
 x - a scroll of enchant armour
 H - a scroll of magic mapping
 J - 2 scrolls of amnesia
 K - 2 scrolls of fog
 S - a scroll of fear
Potions
 d - 4 potions of might
 i - a potion of magic
 j - 4 potions of lignification
 k - 8 potions of curing
 l - 6 potions of brilliance
 m - 2 potions of mutation
 o - a potion of agility
 t - 2 potions of resistance
 w - a potion of ambrosia
 z - a potion of cancellation
 B - a potion of flight
 C - 2 potions of degeneration
 Q - a potion of haste {unknown}
Comestibles
 f - 22 rations


   Skills:
 - Level 3.2 Fighting
 * Level 13.8 Short Blades
 - Level 3.2 Armour
 + Level 13.4 Stealth
 - Level 3.6 Shields
 + Level 10.9 Invocations


You had 11 spell levels left.
You didn't know any spells.
Your spell library contained the following spells:

 Spells                   Type           Power        Failure   Level  Hunger
 Animate Skeleton         Necr           N/A          100%        1    ##.....
 Confusing Touch          Hex            #.....       100%        1    ##.....
 Infusion                 Chrm           #...         100%        1    ##.....
 Pain                     Necr           #...         100%        1    ##.....
 Shroud of Golubria       Chrm/Tloc      #.....       100%        2    ###....
 Song of Slaying          Chrm           #.......     100%        2    ###....
 Confuse                  Hex            #.......     100%        3    ####...
 Gell's Gravitas          Tloc           #.........   100%        3    ####...
 Regeneration             Chrm/Necr      #.........   100%        3    ####...
 Spectral Weapon          Hex/Chrm       #.......     100%        3    ####...
 Vampiric Draining        Necr           #.........   100%        3    ####...
 Animate Dead             Necr           N/A          100%        4    #####..
 Petrify                  Tmut/Erth      #.......     100%        4    #####..
 Iskenderun's Battlesphe  Conj/Chrm      #.......     100%        5    ######.
 Metabolic Englaciation   Hex/Ice        #.........   100%        5    ######.
 Yara's Violent Unravell  Hex/Tmut       #.........   100%        5    ######.


Dungeon Overview and Level Annotations

Branches:
Dungeon (14/15)            Temple (1/1) D:5            Lair (0/6) D:9
Ossuary (visited)
    Orc: D:9-12      Vaults: D:13-14

Altars:
Ashenzari
Cheibriados
Elyvilon
Fedhas
Gozag
Hepliaklqana
Kikubaaqudgha
Makhleb
Nemelex Xobeh
Qazlal
Ru
Sif Muna
Trog
Uskayaw
Vehumet
Wu Jian
Xom
Yredelemnul
Zin
The Shining One
Jiyva

Shops:
D:4 [   D:5 [   D:9 ?   D:10 (

Annotations:
D:5 3 runed translucent doors, edsrzf's ghost, novice DgCj
D:13 3 runed translucent doors


Innate Abilities, Weirdness & Mutations

You cannot be hasted, slowed, berserked, paralysed or teleported.
You can dig through walls and to a lower floor.
Your four strong arms can wield two-handed weapons with a shield.
You have a pair of large antennae on your head. (SInv)


Message History

The white ugly thing is heavily wounded.
You block the white ugly thing's attack.
You can now pass through a line of other dancers.
You closely miss the white ugly thing.
The white ugly thing is heavily wounded.
The white ugly thing tail-slaps you. The white ugly thing freezes you!!
You barely miss the white ugly thing.
The white ugly thing is heavily wounded.
You puncture the white ugly thing!
The white ugly thing is heavily wounded.
The white ugly thing tail-slaps you but does no damage.
You hit the white ugly thing but do no damage.
You drain the white ugly thing.
The white ugly thing is heavily wounded.
You closely miss the white ugly thing.
The white ugly thing is heavily wounded.
The white ugly thing tail-slaps you.
* * * LOW HITPOINT WARNING * * *
The white ugly thing freezes you!!
You die...

####.### {
#......#######.
..##
#..............
....
#......########
..##
#.........# #
#.........# #..
###.......#...#
#.........#
#....@...##
#....u..##
#....##.#..
#.... .#....
#.... .+...#
##### {+...#
+...# ...#


You could see a white ugly thing.

Vanquished Creatures
  Gastronok (D:8)
  A hydra (D:11)
  A centaur warrior (D:11)
  Erica (D:8)
  A two-headed ogre (D:11)
  Pikel (D:5)
  A flayed ghost (D:9)
  An ugly thing (D:11)
  A cyclops (D:11)
  Joseph (D:10)
  Psyche (D:8)
  A merfolk (D:9)
  A troll (D:10)
  A hornet (D:10)
  A hippogriff (D:8)
  6 wraiths
  A shadow (D:9)
  12 fire bats (D:9)
  A wyvern (D:11)
  Sigmund (D:5)
  A basilisk (D:11)
  A steam dragon (D:10)
  Edmund (D:5)
  Menkaure (D:6)
  2 water moccasins
  A soldier ant (D:13)
  3 orc warriors
  2 phantoms
  5 sky beasts
  2 necrophages
  A slave (D:5)
  An ice beast (D:10)
  10 ogres
  6 centaurs
  An elf zombie (D:9)
  6 bullfrogs
  3 gnoll sergeants
  4 scorpions
  A wyvern skeleton (D:10)
  2 howler monkeys (D:10)
  7 crimson imps
  A bullfrog zombie (D:5)
  4 human zombies (D:9)
  4 bullfrog skeletons
  11 hounds
  2 gnoll shamans (D:9)
  3 jellies
  6 orc priests
  A centaur skeleton (D:4)
  2 iguanas
  4 human skeletons (D:9)
  8 orc wizards
  6 worker ants
  An ogre zombie (D:9)
  2 hound zombies
  3 mummies (Ossuary)
  A worker ant zombie (D:9)
  24 gnolls
  A howler monkey skeleton (D:4)
  6 adders
  3 shadow imps
  3 oozes
  3 worms
  6 leopard geckos
  25 orcs
  94 bats
  11 giant cockroaches
  4 hobgoblins
  19 jackals
  3 quokkas
  2 ball pythons
  6 frilled lizards
  9 goblins
  3 hobgoblin zombies (Ossuary)
  7 kobolds
  8 kobold zombies (Ossuary)
  A leopard gecko skeleton (D:5)
  3 orc zombies
  A quokka skeleton (D:5)
  2 quokka zombies (D:9)
  6 rats
406 creatures vanquished.

Vanquished Creatures (others)
  A plant (D:5)
1 creature vanquished.

Grand Total: 407 creatures vanquished

Notes
Turn   | Place    | Note
-------+----------+-------------------------------------------
     0 | D:1      | 2tousent the Formicid Fighter began the quest for the Orb.
     0 | D:1      | Reached XP level 1. HP: 18/18 MP: 1/1
    35 | D:1      | Reached skill level 1 in Stealth
   167 | D:1      | Reached XP level 2. HP: 21/24 MP: 2/2
   570 | D:1      | Reached XP level 3. HP: 23/29 MP: 3/3
  1132 | D:2      | Found a blossoming altar of Fedhas.
  1215 | D:2      | Reached XP level 4. HP: 35/35 MP: 4/4
  1266 | D:2      | Found a shimmering altar of Xom.
  1523 | D:2      | Found a sparkling altar of Nemelex Xobeh.
  1981 | D:3      | Reached XP level 5. HP: 39/41 MP: 5/5
  2562 | D:4      | Reached XP level 6. HP: 35/47 MP: 6/6
  2590 | D:4      | Reached skill level 5 in Stealth
  2861 | D:4      | Found a radiant altar of Vehumet.
  3100 | D:4      | Found a sacrificial altar of Ru.
  3204 | D:4      | Found a glowing golden altar of the Shining One.
  3205 | D:4      | Found Igaj's Antique Armour Shoppe.
  3418 | D:5      | Entered Level 5 of the Dungeon
  3418 | D:5      | Noticed an ogre
  3762 | D:5      | Noticed Sigmund
  3785 | D:5      | Killed Sigmund
  3785 | D:5      | Reached skill level 5 in Short Blades
  3785 | D:5      | Reached XP level 7. HP: 16/52 MP: 7/7
  3978 | D:5      | Noticed Edmund
  3994 | D:5      | Killed Edmund
  4421 | D:5      | Found a staircase to the Ecumenical Temple.
  4428 | Temple   | Entered the Ecumenical Temple
  4538 | Temple   | Became a worshipper of Uskayaw the Reveler
  4576 | D:5      | Found a glowing golden altar of the Shining One.
  4579 | D:5      | Reached * piety under Uskayaw
  4624 | D:5      | Reached ** piety under Uskayaw
  4656 | D:5      | Reached skill level 1 in Invocations
  4656 | D:5      | Reached XP level 8. HP: 53/58 MP: 8/8
  4757 | D:5      | Reached *** piety under Uskayaw
  5042 | D:5      | Noticed Pikel
  5066 | D:5      | Killed Pikel
  5071 | D:5      | Reached **** piety under Uskayaw
  5096 | D:5      | Found a shattered altar of Ashenzari.
  5258 | D:5      | Found a runed translucent gate.
  5258 | D:5      | Found a runed translucent gate.
  5258 | D:5      | Found a runed translucent gate.
  5260 | D:5      | Noticed edsrzf's ghost (novice DgCj)
  5306 | D:5      | Found a burning altar of Makhleb.
  5317 | D:5      | Found Tawiwkiub's Armour Shop.
  5330 | D:5      | Reached XP level 9. HP: 47/64 MP: 11/11
  5516 | D:6      | Noticed Menkaure
  5534 | D:6      | Killed Menkaure
  5886 | D:6      | Found an opulent altar of Gozag.
  6285 | D:6      | Reached skill level 5 in Invocations
  7246 | D:7      | Found a sand-covered staircase.
  7254 | Ossuary  | Entered an ossuary
  7510 | Ossuary  | Reached XP level 10. HP: 23/70 MP: 14/14
  8034 | D:7      | Reached skill level 10 in Stealth
  8374 | D:8      | Noticed Gastronok
  8411 | D:8      | Killed Gastronok
  8411 | D:8      | Reached skill level 10 in Short Blades
  8652 | D:8      | Found a shimmering blue altar of Sif Muna.
  8697 | D:8      | Noticed Psyche
  8707 | D:8      | Killed Psyche
  8967 | D:8      | Reached XP level 11. HP: 64/75 MP: 16/16
  9022 | D:8      | Noticed Erica
  9035 | D:8      | Killed Erica
  9150 | D:8      | Found a bloodstained altar of Trog.
  9720 | D:9      | Found a staircase to the Lair.
  9765 | D:9      | Found a shimmering altar of Xom.
  9814 | D:9      | Reached ***** piety under Uskayaw
  9832 | D:9      | Reached ****** piety under Uskayaw
  9852 | D:9      | Found a stormy altar of Qazlal.
  9867 | D:9      | Found a bloodstained altar of Trog.
  9883 | D:9      | Found a runed translucent door.
  9911 | D:9      | HP: 3/75 [fire bat (6)]
 10178 | D:9      | Found a hide-covered altar of Uskayaw.
 10259 | D:9      | Found a burning altar of Makhleb.
 10331 | D:9      | Found a glowing silver altar of Zin.
 10345 | D:9      | Noticed a flayed ghost
 10350 | D:9      | Found the +6 lightning scales {run, rElec}
 11019 | D:9      | Found a glowing silver altar of Zin.
 11134 | D:9      | Found an ancient bone altar of Kikubaaqudgha.
 11340 | D:9      | Found Jomoic's Magic Scroll Shop.
 11640 | D:9      | Killed a flayed ghost
 11640 | D:9      | Reached XP level 12. HP: 56/81 MP: 19/19
 11645 | D:9      | Identified the Disquisition on Protection
 11693 | D:10     | Entered Level 10 of the Dungeon
 11865 | D:10     | Reached skill level 10 in Invocations
 12011 | D:10     | Noticed Joseph
 12046 | D:10     | Killed Joseph
 12414 | D:10     | Found Unwem's Weapon Emporium.
 12619 | D:11     | Noticed a two-headed ogre
 12632 | D:11     | Killed a two-headed ogre
 12822 | D:11     | Found a runed translucent door.
 12822 | D:11     | Found a runed translucent door.
 12890 | D:11     | Noticed an eight-headed hydra
 12891 | D:11     | Noticed a centaur warrior
 12892 | D:11     | Noticed a tengu warrior
 12915 | D:11     | Killed a centaur warrior
 12926 | D:11     | Killed an eight-headed hydra
 12928 | D:11     | Noticed a two-headed ogre
 12929 | D:11     | You fall into a shaft and drop 3 floors!
 12929 | D:14     | Found a shimmering blue altar of Sif Muna.
 13077 | D:14     | Noticed a vault guard
 13295 | D:13     | Found a runed translucent gate.
 13296 | D:13     | Found a runed translucent gate.
 13297 | D:13     | Found a runed translucent gate.
 13307 | D:13     | Slain by a white ugly thing

Levels and vault maps discovered:
D:1:      minmay_arrival_stair_chambers, layout_basic, minmay_statues_item
D:2:      layout_basic, nemelex_xobeh_ov_fountains_minmay, fedhas_altar_4,
          nicolae_overflow_crystal_walls, minmay_parallelograms
D:3:      layout_loops_ring, kennysheep_generic_room_7
D:4:      layout_basic, nicolae_ru_sacrificial_ziggurat, kennysheep_little_box,
          serial_shops, kennysheep_mini, tso_metal_star
D:5:      layout_loops_ring, lemuel_crystal_altar,
          lemuel_coloured_pillars_altar, lemuel_crystal_altar,
          minmay_temple_entry_wispy, gammafunk_ghost_split, first_ration,
          serial_shops, shop_statue, sigmund_edmund_badplayer, uniq_edmund,
          uniq_pikel
D:6:      layout_gridville, grunt_gozag_breadcrumbs, uniq_crazy_yiuf_cottage,
          uniq_menkaure
D:7:      layout_basic, lightli_ossuary_entry_decrepit_ruins
D:8:      layout_basic, lemuel_doored_altar, old_standard_altar, uniq_erica,
          uniq_psyche, uniq_gastronok
D:9:      due_megacathedral, layout_cave_pools,
          lemuel_mausoleum_altar_kikubaaqudgha, lemuel_round_altar,
          serial_gnoll_camp, gnoll_camp_mini_shop, gnoll_camp_medium_02,
          gnoll_camp_mini_hut, hangedman_fish_farm, due_unseen_surprise
D:10:     layout_rooms, serial_shops, nicolae_shop_statue_plus, uniq_joseph
D:11:     minmay_the_grid_triangle_9x9_rhombus_full
          [minmay_the_grid_triangle_9x9_zippers_vertical,
          minmay_the_grid_triangle_9x9_pentomino_pain,
          minmay_the_grid_triangle_9x9_wacky_v,
          minmay_the_grid_triangle_9x9_corruption,
          minmay_the_grid_triangle_9x9_swiss_cheese,
          minmay_the_grid_triangle_9x9_steps,
          minmay_the_grid_triangle_9x9_tough_junction,
          minmay_the_grid_triangle_9x9_prize_insulated], layout_loops_ring,
          basic_altar, minivault_14
D:13:     layout_basic, gammafunk_ghost_icy
D:14:     layout_small_grid, grunt_vaults_entry_fortified, enter_trove_3,
          tgw_sif, serial_shops, shop
Temple:   pf_slime_end_temple

Skill      XL: |  1  2  3  4  5  6  7  8  9 10 11 12 |
---------------+-------------------------------------+-----
Stealth        | 1 2 3 4 6 7 8 9 11 12 13 | 13.4
Short Blades   | 3 4 5 6 7 9 11 12 13 | 13.8
Invocations    | 1 3 6 7 9 10 | 10.9
Fighting       | |  3.2
Armour         | |  3.2
Shields        | |  3.6

Action                   |  1- 3 |  4- 6 |  7- 9 | 10-12 || total
-------------------------+-------+-------+-------+-------++-------
Melee: Rapier            |   121 |   268 |    53 |       ||   442
       Dagger            |       |       |   496 |  1125 ||  1621
Invok: Line Pass         |       |       |     4 |     8 ||    12
       Stomp             |       |       |     1 |    19 ||    20
       Grand Finale      |       |       |       |     1 ||     1
 Abil: Dig               |     1 |     6 |     5 |     7 ||    19
       Shaft Self        |       |       |       |     1 ||     1
Evoke: Wand              |       |       |     2 |     8 ||    10
  Use: Scroll            |       |       |    14 |    10 ||    24
       Potion            |       |       |       |     7 ||     7
 Stab: Paralysed         |       |       |     4 |    42 ||    46
       Confused          |       |       |     1 |     4 ||     5
       Sleeping          |       |       |     1 |     5 ||     6
  Eat: Chunk             |     1 |    10 |    14 |    19 ||    44
       Ration            |       |       |       |     2 ||     2
Armor: Scale mail        |    64 |       |       |       ||    64
       Chain mail        |     1 |   135 |   139 |   430 ||   705
Dodge: Dodged            |    36 |    49 |    52 |   172 ||   309
Block: Shield            |    79 |   138 |   118 |   560 ||   895

Table legend:
 A = Non-vault XP
 B = Vault XP
 C = Vault XP percentage of total XP
 D = Non-vault monster count
 E = Vault monster count
 F = Vault count percentage of total count
                 A         B        C        D         E       F
            +---------+---------+-------+---------+---------+-------
      Total |   12551 |   11635 |  48.1 |     330 |      75 |  18.5
            +---------+---------+-------+---------+---------+-------
        D:1 |      58 |       0 |   0.0 |      31 |       0 |   0.0
        D:2 |      25 |       0 |   0.0 |      11 |       0 |   0.0
        D:3 |      43 |      17 |  28.3 |      23 |       3 |  11.5
        D:4 |     258 |       0 |   0.0 |      17 |       0 |   0.0
        D:5 |     587 |    1058 |  64.3 |      30 |       3 |   9.1
        D:6 |     733 |     165 |  18.4 |      23 |       1 |   4.2
        D:7 |    1427 |       0 |   0.0 |      20 |       0 |   0.0
        D:8 |     843 |    3684 |  81.4 |      14 |       3 |  17.6
        D:9 |    3887 |    3045 |  43.9 |     126 |      36 |  22.2
       D:10 |    2102 |     460 |  18.0 |      27 |       1 |   3.6
       D:11 |    2079 |    2879 |  58.1 |       4 |      10 |  71.4
       D:13 |     509 |       0 |   0.0 |       4 |       0 |   0.0
       D:14 |       0 |      40 | 100.0 |       0 |       1 | 100.0
    Ossuary |       0 |     287 | 100.0 |       0 |      17 | 100.0
            +---------+---------+-------+---------+---------+-------
